 Dungeon Crawl Stone Soup version 0.31-a0-18-gea43df2a32 (webtiles) character file.

Game seed: 4780151039478716401

200 Jeffwins the Caller (level 5, -2/34 HPs)
             Began as an Octopode Summoner on May 12, 2023.
             Killed by nerve-wracking pain
             ... invoked by Grinder
              (10 damage)
             ... while paralysed by Grinder
             ... on level 3 of the Dungeon.
             The game lasted 00:03:06 (2020 turns).

Jeffwins the Caller (Octopode Summoner)             Turns: 2020, Time: 00:03:07

Health: -2/34      AC:  1    Str:  7    XL:     5   Next: 78%
Magic:  9/9        EV:  2    Int: 20    God:
Gold:   96         SH:  0    Dex: 18    Spells: 0/10 levels left

rFire   . . .        e - +0 dagger (venom)
rCold   . . .        (no shield)
rNeg    . . .        (helmet restricted)
rPois   .            (no amulet)
rElec   .            E - +5 ring of evasion
rCorr   .            X - +6 ring of dexterity
SInv    .            (no ring)
Will    .....        (no ring)
Stlth   ++++         (no ring)
HPRegen 0.25/turn    (no ring)
MPRegen 0.11/turn    (no ring)
                     (no ring)

%: no passive effects
@: paralysed
A: almost no armour, amphibious, 8 rings, camouflage 1, gelatinous body 1,
(nimble swimmer 1), tentacles
a: no special abilities


You were on level 3 of the Dungeon.
You visited 1 branch of the dungeon, and saw 3 of its levels.

You collected 96 gold pieces.


Innate Abilities, Weirdness & Mutations

You cannot wear most types of armour.
You are amphibious.
You can wear up to eight rings at the same time.
Your skin changes colour to match your surroundings (Stealth+).
Your rubbery body absorbs attacks. (AC +1, EV +1)
((You are camouflaged when in or above water. (Stealth+)))
You have tentacles for arms and can constrict up to eight enemies at once.


   Skills:
 + Level 1.7 Fighting
 * Level 2.0 Short Blades
 + Level 2.7 Dodging
 + Level 3.7 Stealth
 * Level 3.0 Spellcasting
 * Level 4.7 Summonings
 * Level 0.0 Air Magic
 + Level 0.0 Evocations


You couldn't memorise any spells.
You knew the following spells:

 Your Spells              Type           Power      Damage    Failure   Level
c - Call Canine Familiar  Summ           21%        N/A       6%          3
l - Summon Lightning Spi  Summ/Air       12%        N/A       47%         4
x - Call Imp              Summ           42%        N/A       3%          2
z - Summon Small Mammal   Summ           84%        N/A       1%          1

Your spell library contained the following spells:

 Spells                   Type           Power      Damage    Failure   Level
 Shock                    Conj/Air       12%        1d3       14%         1
 Summon Guardian Golem    Hex/Summ       12%        N/A       16%         3
 Swiftness                Air            3%         N/A       38%         3
 Volatile Blastmotes      Fire/Tloc      6%         2d10      38%         3
 Airstrike                Air            1%         2d(1-17)  80%         4
 Fulminant Prism          Conj/Hex       1%         3d5       80%         4
 Iskenderun's Mystic Bla  Conj/Tloc      3%         2d3       80%         4
 Lee's Rapid Deconstruct  Erth           1%         3d4*      98%         5

Inventory:

Hand Weapons
 e - a +0 dagger of venom (weapon)
Missiles
 f - 3 poisoned darts
Magical Staves
 p - a staff of air
Jewellery
 C - a ring of ice
 E - a +5 ring of evasion (left tentacle)
 X - a +6 ring of dexterity (right tentacle)
Wands
 n - a wand of quicksilver (8)
Scrolls
 c - a scroll of enchant weapon {unknown}
 g - 4 scrolls of identify {unknown}
 j - a scroll of vulnerability {unknown}
 l - a scroll of immolation {unknown}
 o - a scroll of noise {unknown}
Potions
 a - a potion of magic
 b - 2 potions of lignification {unknown}
 d - a potion of haste {unknown}
 h - 3 potions of curing {unknown}
 i - 2 potions of brilliance {unknown}
 k - a potion of heal wounds {unknown}
 m - 2 potions of invisibility {unknown}

Dungeon Overview and Level Annotations

Branches:
Dungeon (3/15)

Altars:

Annotations:
D:3 Grinder

###...... ####......####
.# .)...........####.##
...................
...#.#.#........ ..
............# .#
...#...#.?.## .#
..##.#.##.#######5####..
.###.#..........@.......
.###.#.##.####.#######[.
.#........# #.#
$#.#.##.####.#
.....##...)..# .#.
#.###### .. #..# . #.#.#
#...#


You could see Grinder.


Message History

Found a war axe.
You pick up a book of Blasting and begin reading...
You add the spells Volatile Blastmotes, Fulminant Prism, Iskenderun's Mystic Blast and Lee's Rapid Deconstruction to your library.
No target in view!
No target in view!
No target in view!
No target in view!
No target in view!
You see here a +0 war axe.
The endoplasm freezes you.
You are frozen.
You hit the endoplasm. You squeeze the endoplasm.
You kill the endoplasm!
Grinder comes into view.
Found a chain mail.
The helpless Grinder fails to defend herself.
You impale Grinder!! You grab Grinder. You squeeze Grinder.
Grinder is severely wounded.
You constrict Grinder. Grinder hits you.
You writhe in agony.
Unknown command.
You hit Grinder but do no damage.
Grinder is severely wounded.
You constrict Grinder. Grinder gestures at you.
You suddenly lose the ability to move!
You lose your grip on Grinder.
Grinder hits you! x2
* * * LOW HITPOINT WARNING * * *
Grinder gestures at you. Pain shoots through your body!
You die...

Skill      XL: |  1  2  3  4  5 |
---------------+----------------+-----
Stealth        | 3 |  3.7
Short Blades   | 1 2 |  2.0
Fighting       | 1 |  1.7
Spellcasting   | 3 |  3.0
Dodging        | |  2.7
Summonings     | |  4.7

Action                     |  1- 3 |  4- 6 || total
---------------------------+-------+-------++-------
  Melee: Unarmed           |    27 |       ||    27
         Tentacles         |    19 |    19 ||    38
         Constrict         |    15 |    13 ||    28
         Dagger            |    49 |    57 ||   106
         Punch             |       |     1 ||     1
   Cast: Summon Small Mamm |     4 |       ||     4
         Call Imp          |       |     1 ||     1
         Call Canine Famil |       |     1 ||     1
   Stab: Sleeping          |    13 |    15 ||    28
         Distracted        |       |     1 ||     1
 Armour: Skin              |     9 |     3 ||    12
  Dodge: Dodged            |    54 |    26 ||    80

Levels and vault maps discovered:
D:1:      nicolae_arrival_washed_ashore, layout_loops_cross,
          shapermc_ecumenical_altar_hornbeckon, grunt_decor_fettered,
          minivault_27
D:2:      layout_basic
D:3:      layout_loops_ring, nicolae_overflow_hidden_temple, serial_shops,
          nicolae_shop_hallway_plus, uniq_sigmund, uniq_grinder,
          uniq_crazy_yiuf_cottage, uniq_terence

Notes
Turn   | Place    | Note
-------+----------+-------------------------------------------
     0 | D:1      | Jeffwins the Octopode Summoner began the quest for the Orb.
     0 | D:1      | Reached XP level 1. HP: 11/11 MP: 3/3
    96 | D:1      | HP: 1/11 [frozen (3)]
   222 | D:1      | Reached XP level 2. HP: 13/17 MP: 5/5
   440 | D:1      | Reached skill level 3 in Stealth
   488 | D:1      | Reached XP level 3. HP: 22/22 MP: 6/6
   511 | D:1      | Learned a level 2 spell: Call Imp
   515 | D:1      | Learned a level 3 spell: Call Canine Familiar
   822 | D:1      | Found a faded altar of an unknown god.
  1154 | D:2      | Reached skill level 1 in Short Blades
  1198 | D:2      | Reached XP level 4. HP: 27/27 MP: 7/7
  1247 | D:2      | Reached skill level 1 in Fighting
  1470 | D:2      | Reached XP level 5. HP: 33/33 MP: 9/9
  1905 | D:3      | Noticed Terence
  1919 | D:3      | Killed Terence
  1920 | D:3      | Reached skill level 2 in Short Blades
  1920 | D:3      | Reached skill level 3 in Spellcasting
  1932 | D:3      | Learned a level 4 spell: Summon Lightning Spire
  2013 | D:3      | Noticed Grinder
  2017 | D:3      | Paralysed by Grinder for 3 turns
  2020 | D:3      | Killed from afar by Grinder

Vanquished Creatures
  An iguana (D:2)
  Terence (D:3)
  An orc wizard (D:3)
  4 adders
  A dart slug (D:1)
  5 orcs (D:3)
  7 ball pythons
  4 bats
  10 endoplasms
  2 giant cockroaches
  11 goblins
  2 hobgoblins
  7 jackals
  5 quokkas
  A frilled lizard (D:2)
  3 kobolds
  5 rats
70 creatures vanquished.

Vanquished Creatures (collateral kills)
  2 endoplasms (D:1)
  A ball python (D:1)
3 creatures vanquished.

Grand Total: 73 creatures vanquished

Table legend: (Time is in decaauts)
 A = Elapsed time spent in this place.
 B = Non-inter-level travel time spent in this place.
 C = Inter-level travel time spent in this place.
 D = Time resting spent in this place.
 E = Time spent auto-exploring this place.
 F = Levels seen in this place.
 G = Mean time per level.
                   A        B        C        D        E       F      G
               +--------+--------+--------+--------+--------+-----+--------+
         Total |   2013 |   1940 |     73 |      0 |   1462 |   3 |  671.0 |
       Dungeon |   2013 |   1940 |     73 |      0 |   1462 |   3 |  671.0 |
               +--------+--------+--------+--------+--------+-----+--------+

Top non-repeatable levels by time:
     D:1: 1071 daAuts
     D:2: 770 daAuts
     D:3: 171 daAuts

Table legend:
 A = Non-vault XP
 B = Vault XP
 C = Vault XP percentage of total XP
 D = Non-vault monster count
 E = Vault monster count
 F = Vault count percentage of total count
                 A         B        C        D         E       F
            +---------+---------+-------+---------+---------+-------
      Total |     250 |      36 |  12.6 |      72 |       1 |   1.4
            +---------+---------+-------+---------+---------+-------
        D:1 |      61 |       0 |   0.0 |      34 |       0 |   0.0
        D:2 |     117 |       0 |   0.0 |      26 |       0 |   0.0
        D:3 |      72 |      36 |  33.3 |      12 |       1 |   7.7
            +---------+---------+-------+---------+---------+-------
